 Dungeon Crawl Stone Soup version 0.30-a0-723-gc1506a1cf0 (webtiles) character file.

Game seed: 11624675032448154588

26 porpoise the Chopper (level 3, 0/27 (33) HPs)
             Began as a Hill Orc Monk on Jan 29, 2023.
             Slain by Terence
             ... wielding a +1 falchion of draining
              (2 damage)
             ... on level 2 of the Dungeon.
             The game lasted 00:04:07 (1191 turns).

porpoise the Chopper (Hill Orc Monk)                Turns: 1191, Time: 00:04:08

HP:   0/27 (33)     AC:  2    Str: 15    XL:     3   Next: 8%
MP:   3/3           EV: 12    Int: 10    God:
Gold: 46            SH:  0    Dex: 13    Spells: 2/2 levels left

rFire   . . .      SeeInvis .    a - +0 hand axe
rCold   . . .      Faith    .    (no shield)
rNeg    . . .      Spirit   .    b - +0 robe
rPois   .          Reflect  .    (no helmet)
rElec   .          Harm     .    (no cloak)
rCorr   .          Rampage  .    (no gloves)
Will    .....                    (no boots)
Stlth   ++                       (no amulet)
HPRegen 0.24/turn                (no ring)
MPRegen 0.08/turn                (no ring)

@: heavily drained, invisible
A: no striking features
a: no special abilities


You were on level 2 of the Dungeon.
You visited 1 branch of the dungeon, and saw 2 of its levels.

You collected 46 gold pieces.

Inventory:

Hand Weapons
 a - a +0 hand axe (weapon)
Armour
 b - a +0 robe (worn)
Scrolls
 d - a scroll of teleportation {unknown}
Potions
 c - a potion of ambrosia
 f - a potion of haste {unknown}
 g - a potion of mutation {unknown}


   Skills:
 + Level 4.1 Fighting
 * Level 5.1 Axes
 - Level 2.4 Dodging
 - Level 1.5 Stealth


You had 2 spell levels left.
You didn't know any spells.
Your spell library was empty.

Dungeon Overview and Level Annotations

Branches:
Dungeon (2/15)

Altars:

Annotations:
D:2 Terence


Message History

You climb downwards.
There is a stone staircase leading up here.
A frilled lizard comes into view.
The frilled lizard hisses angrily.
You hear a shout!
Terence the Incautious comes into view.
He is wielding a +1 falchion of draining.
Terence says, "Time to say good-bye..."
Okay, then.
You closely miss the frilled lizard. The frilled lizard bites you.
You hit the frilled lizard.
You kill the frilled lizard!
It was a potion of invisibility.
You fade into invisibility!
A ball python comes into view.
Terence drinks a potion.
Terence seems to grow stronger.
The ball python hisses angrily.
You hit Terence.
Terence is lightly wounded.
The ball python hisses angrily.
Terence hits you with a +1 falchion of draining!
You feel drained.
You are too injured to fight recklessly!
Terence hits you with a +1 falchion of draining.
You feel drained.
You hit Terence but do no damage.
Terence is lightly wounded.
Terence hits you with a +1 falchion of draining.
* * * LOW HITPOINT WARNING * * *
You feel drained.
* * * LOW HITPOINT WARNING * * *
You closely miss Terence.
Terence is lightly wounded.
Terence closely misses you. Terence closely misses you.
You hit Terence but do no damage.
Terence is lightly wounded.
The ball python hisses angrily.
Terence hits you with a +1 falchion of draining.
* * * LOW HITPOINT WARNING * * *
You feel drained.
You die...

#... ....
.....
.....
......
###......
#.@S.#
#@#######
#......<#
#########


You could see Terence (strong, unable to see you) and a ball python (wandering,
unable to see you).

Vanquished Creatures
  An endoplasm (D:1)
  2 giant cockroaches (D:1)
  4 goblins (D:1)
  3 kobolds (D:1)
  4 quokkas (D:1)
  5 ball pythons (D:1)
  A frilled lizard (D:2)
  3 rats (D:1)
23 creatures vanquished.

Notes
Turn   | Place    | Note
-------+----------+-------------------------------------------
     0 | D:1      | porpoise the Hill Orc Monk began the quest for the Orb.
     0 | D:1      | Reached XP level 1. HP: 19/19 MP: 1/1
   218 | D:1      | Reached XP level 2. HP: 15/27 MP: 2/2
   643 | D:1      | Reached skill level 5 in Axes
   777 | D:1      | Reached XP level 3. HP: 32/33 MP: 3/3
  1178 | D:2      | Noticed Terence
  1191 | D:2      | Slain by Terence

Illustrated notes

Levels and vault maps discovered:
D:1:      dpeg_arrival_short_road, layout_basic, minmay_tree_intersection,
          chequers_serial_rivers_micro_a
D:2:      layout_basic, shapermc_ecumenical_altar_gd, st_stairs_4,
          kennysheep_jessica_study, uniq_terence, uniq_sigmund

Skill      XL: |  1  2 |
---------------+-------+-----
Fighting       | 4 |  4.1
Axes           | 5 |  5.1
Dodging        | |  2.4
Stealth        | |  1.5

Action                     || total
---------------------------++-------
  Melee: Hand axe          ||    92
         Punch             ||     1
    Use: Potion            ||     1
   Stab: Sleeping          ||     4
 Armour: Robe              ||     7
  Dodge: Dodged            ||    54

Table legend: (Time is in decaauts)
 A = Elapsed time spent in this place.
 B = Non-inter-level travel time spent in this place.
 C = Inter-level travel time spent in this place.
 D = Time resting spent in this place.
 E = Time spent auto-exploring this place.
 F = Levels seen in this place.
 G = Mean time per level.
                   A        B        C        D        E       F      G
               +--------+--------+--------+--------+--------+-----+--------+
         Total |   1197 |   1128 |     69 |    203 |    725 |   2 |  598.5 |
       Dungeon |   1197 |   1128 |     69 |    203 |    725 |   2 |  598.5 |
               +--------+--------+--------+--------+--------+-----+--------+

Top non-repeatable levels by time:
     D:1: 1176 daAuts
     D:2: 20 daAuts
